AoeStats
← tavoo

Arabian Desert

509477226Analyzed
1v1 RM · 6d ago on Sep 26, 2026· 30m 18s· 2 players
Game mode
Random Map
Map size
Tiny (2 player)
Population
200
Speed
Normal
Resources
Standard
Victory
Conquest
Starting age
Dark Age
Ending age
Imperial Age
RankedLock teamsTeams togetherTeam positionsShared explorationLock speedFull tech treeHidden civsTurbo modeCheats
Victory
Defeat
🇮🇪 Spanish · Ireland
1430
+15
🇲🇽 Turks · Mexico
1416
-15
tavoo
7:09 Loom
9:24 Feudal Age
14:50 Double-Bit Axe
19:03 Castle Age
18:27 Gold Mining
18:30 Fletching
19:13 Padded Archer Armor
20:01 Bodkin Arrow
24:35 Ballistics
26:22 Bloodlines
28:48 Leather Archer Armor
29:09 Thumb Ring
IWUDJA
8:26 Loom
11:03 Feudal Age
16:10 Castle Age
15:18 Padded Archer Armor
22:29 Husbandry
22:39 Bloodlines
23:09 Leather Archer Armor
Connection lost

Rejoining the realm…

Still unreachable

The connection could not be restored.

Session expired

The server has moved on; the page needs a fresh start.